 Dungeon Crawl Stone Soup version 0.17.2-1-ge4368a0 (webtiles) character file.

74 Goblin1989 the Skirmisher (level 4, -1/37 HPs)
             Began as a Human Enchanter on Jan 12, 2017.
             Slain by Natasha (3 damage)
             ... on level 3 of the Dungeon.
             The game lasted 00:13:22 (1048 turns).

Goblin1989 the Skirmisher (Human Enchanter)         Turns: 1048, Time: 00:13:22

Health: -1/37      AC:  4    Str:  9    XL:     4   Next: 54%
Magic:  4/7        EV: 12    Int: 16    God:
Gold:   74         SH:  0    Dex: 13    Spells: 1 memorised, 6 levels left

rFire  . . .     SeeInvis .     a - +1 dagger
rCold  . . .     Clarity  .     b - +1 robe
rNeg   . . .     SustAt   .     (no shield)
rPois  .         Gourm    .     (no helmet)
rElec  .         Spirit   .     (no cloak)
rCorr  .         Warding  .     h - +0 pair of gloves
rMut   .         Stasis   .     (no boots)
MR     +....                    g - amulet of rage
Stlth  ++........               (no ring)
                                m - ring of protection from magic

@: somewhat resistant to hostile enchantments, unstealthy
A: no striking features
a: Evoke Berserk Rage


You were on level 3 of the Dungeon.
You were not hungry.

You visited 1 branch of the dungeon, and saw 3 of its levels.

You collected 74 gold pieces.

Inventory:

Hand Weapons
 a - a +1 dagger (weapon)
 f - a +0 long sword
Armour
 b - a +1 robe (worn)
 h - a +0 pair of gloves (worn)
Jewellery
 g - an amulet of rage (around neck)
 m - a ring of protection from magic (left hand)
Wands
 k - a wand of teleportation (1) {!v, @v4}
Scrolls
 e - 2 scrolls of remove curse {unknown}
 j - a scroll of teleportation {unknown}
Potions
 i - a potion of haste {unknown}
Books
 c - a book of Maledictions

   Spells                             Type                      Level
   a - Corona                         Hexes                        1
   b - Ensorcelled Hibernation        Hexes/Ice                    2
   c - Confuse                        Hexes                        3
   d - Tukima's Dance                 Hexes                        3
   e - Dazzling Spray                 Conjuration/Hexes            3
Comestibles
 d - 2 bread rations {@e1}
 l - a meat ration {@e2}


   Skills:
 + Level 3.8 Fighting
 - Level 1.0 Short Blades
 - Level 2.0 Dodging
 - Level 3.0 Stealth
 - Level 2.0 Spellcasting
 - Level 3.0 Hexes


You had 6 spell levels left.
You knew the following spells:

 Your Spells              Type           Power        Failure   Level  Hunger
a - Corona                Hex            ##.....      8%          1    #......


Dungeon Overview and Level Annotations

Branches:
Dungeon (3/15)

Altars:
Trog

Annotations:
D:3 Natasha


Message History

You take 1 damage, and have 8/37 hp.
You barely miss Natasha.
Natasha is almost dead.
The crimson imp hits you.
* * * LOW HITPOINT WARNING * * *
You take 3 damage, and have 5/37 hp.
You hit Natasha.
Natasha is almost dead.
Natasha claws you.
* * * LOW HITPOINT WARNING * * *
The crimson imp hits you.
* * * LOW HITPOINT WARNING * * *
You take 3 damage, and have 2/37 hp.
Casting: Corona
Confirm with . or Enter, or press ? or * to list all spells.
Aiming: Corona
Press: ? - help, Shift-Dir - straight line, f/p - Natasha
Aim: Natasha (almost dead, chance to defeat MR: 47%) Natasha is outlined in light.
Natasha claws you.
You die...

.█..███ ██.
.....██.█.
█..█.█.██.
█.█...██..
█.(.......
█████████.█..███..
█........███.(†>..
█5███████.█.█████.
█@█ ██.██ █.


█h█ ██...██ █. █.█ ██.....██ █. █.█ ██.......█ █. █.█ █..........█. █.█
██.......█.█. █.█ █......██.█ █.█ █.█...██ █ █.██.██ You could see Natasha and a
crimson imp.

Vanquished Creatures
  4 adders (D:2)
  An ooze (D:2)
  A worm (D:2)
  2 bats (D:1)
  2 goblins (D:2)
  4 hobgoblins
  4 jackals (D:1)
  7 kobolds
  A quokka (D:1)
  2 ball pythons
  2 giant cockroaches (D:3)
  5 rats
35 creatures vanquished.

Notes
Turn   | Place    | Note
--------------------------------------------------------------
     0 | D:1      | Goblin1989 the Human Enchanter began the quest for the Orb.
     0 | D:1      | Reached XP level 1. HP: 13/13 MP: 3/3
    91 | D:2      | Reached skill level 1 in Fighting
    91 | D:2      | Reached XP level 2. HP: 9/21 MP: 5/5
   358 | D:1      | Reached XP level 3. HP: 9/28 MP: 4/6
   476 | D:2      | Found a bloodstained altar of Trog.
   713 | D:2      | Reached XP level 4. HP: 30/35 MP: 7/7
  1026 | D:3      | Noticed Natasha
  1048 | D:3      | Slain by Natasha

Action                   |  1- 3 |  4- 6 || total
-------------------------+-------+-------++-------
Melee: Dagger            |    86 |    79 ||   165
 Cast: Corona            |    11 |     8 ||    19
Evoke: Wand              |       |     1 ||     1
  Use: Potion            |       |     1 ||     1
 Stab: Sleeping          |     5 |       ||     5
  Eat: Pizza             |       |     1 ||     1

Vault maps used:
D:1:      ncdulo_watergridlock
D:2:      forest_paths, cheibriados_altar_wand_db, lightli_temple_of_fire,
          first_bread, minivault_26
D:3:      uniq_natasha
